 Dungeon Crawl Stone Soup version 0.25-a0-1119-g28b6fd0c3b (webtiles) character file.

Game seed: 5595247631455053545, levelgen mode: deterministic

170 vurker the Sneak (level 5, -13/28 HPs)
             Began as a Vine Stalker Assassin on May 17, 2020.
             Blown up by Ijyb (15 damage)
             ... with a disintegration bolt
             ... on level 3 of the Dungeon.
             The game lasted 00:04:33 (2126 turns).

vurker the Sneak (Vine Stalker Assassin)            Turns: 2126, Time: 00:04:34

Health: -13/28     AC: 11    Str: 15    XL:     5   Next: 51%
Magic:  0/6        EV:  6    Int: 11    God:
Gold:   80         SH:  0    Dex: 15    Spells: 4/4 levels left

rFire    . . .     SeeInvis .   a - +2 dagger
rCold    . . .     Gourm    .   (no shield)
rNeg     . . .     Faith    .   k - +2 chain mail {rPois}
rPois    +         Spirit   +   (no helmet)
rElec    .         Reflect  .   c - +0 cloak
rCorr    .         Harm     .   (no gloves)
MR       .....                  (no boots)
Stlth    ..........             (no amulet)
HPRegen  0.49/turn              (no ring)
MPRegen  0.10/turn              (no ring)

@: no status effects
A: fangs 2, regeneration 1, magic shield, antimagic bite, no potion heal 3, rot
immunity
a: no special abilities


You were on level 3 of the Dungeon.
You were not hungry.

You visited 1 branch of the dungeon, and saw 3 of its levels.

You collected 80 gold pieces.

Inventory:

Hand Weapons
 a - a +2 dagger (weapon)
Missiles
 d - 8 poisoned darts (quivered)
 f - 2 curare-tipped darts
 m - 6 silver javelins
Armour
 c - a +0 cloak (worn)
 k - a +2 chain mail of poison resistance (worn)
   (You found it on level 1 of the Dungeon)
Scrolls
 h - a scroll of remove curse {unknown}
 l - 3 scrolls of identify {unknown}
 n - a scroll of magic mapping {unknown}
Potions
 b - a potion of degeneration {unknown}
 i - 3 potions of curing {unknown}
 j - 2 potions of berserk rage {unknown}
 o - 2 potions of might {unknown}
 p - a potion of haste {unknown}
 q - a potion of brilliance {unknown}
 r - a potion of heal wounds {unknown}
 s - a potion of mutation {unknown}
Comestibles
 e - 6 rations
 g - 6 chunks of flesh


   Skills:
 + Level 3.2 Fighting
 * Level 4.2 Short Blades
 - Level 1.7 Throwing
 - Level 0.7 Dodging
 - Level 4.8 Stealth


You had 4 spell levels left.
You didn't know any spells.
Your spell library was empty.

Dungeon Overview and Level Annotations

Branches:
Dungeon (3/15)

Altars:
Nemelex Xobeh
Trog

Annotations:
D:3 Ijyb


Innate Abilities, Weirdness & Mutations

You have extremely sharp teeth.
Your natural rate of healing is unusually fast.
When hurt, damage is shared between your health and your magic reserves.
Your bite disrupts and absorbs the magic of your enemies.
Potions cannot restore your health.
You are immune to rotting.


Message History

You closely miss the kobold. Your bite misses the kobold.
The kobold hits you but does no damage.
You closely miss the kobold. You hit the kobold.
You kill the kobold!
No target in view!
No target in view!
No target in view!
No target in view!
No target in view!
No target in view!
No target in view!
No target in view!
No target in view!
No target in view!
Ijyb the Twisted Goblin comes into view.
She is carrying a wand of disintegration (8).
Found a scroll labeled GICVYMEANY.
Found a stone staircase leading down.
A giant cockroach comes into view.
The giant cockroach barely misses you.
You hit the giant cockroach but do no damage.
Your bite misses the giant cockroach.
The giant cockroach bites you but does no damage.
You hit the giant cockroach. You bite the giant cockroach.
You kill the giant cockroach!
No target in view!
Ijyb zaps a wand.
You struggle to resist.
You closely miss Ijyb. You bite Ijyb, but do no damage.
Ijyb hits you but does no damage.
Your chain mail prevents you from hitting Ijyb.
You bite Ijyb, but do no damage. Ijyb hits you but does no damage.
You hit Ijyb but do no damage. You bite Ijyb, but do no damage.
Ijyb zaps a wand.
You are blasted!
Ouch! That really hurt!
* * * LOW HITPOINT WARNING * * *
You aren't carrying any items that you can evoke.
Unknown command.
You don't know any spells.
You hit Ijyb but do no damage. You hit Ijyb but do no damage. You bite Ijyb.
You drain her power.
You feel invigorated.
Ijyb zaps a wand.
You are blasted!
* * * LOW HITPOINT WARNING * * *
You closely miss Ijyb. You bite Ijyb, but do no damage.
Ijyb zaps a wand.
You are blasted!
Ouch! That really hurt!
You die...

#..)..###.........#######
#......##########........
#.....####.# #.......#.
#..... #.## ##.##(.#...
#..... #g.# #..##......
#..... ##.###
###.......... #.....
#...###............
#..g..
###g.....####..##.#
#.?.>. #@.....## #..#..#
#....### #..#.## .....#
#....## .......#
####รท).#..
.....#...##.....)...
................#....
#^.....#.>.....%.#....
##.#.###..............
......##......


You could see Ijyb.

Vanquished Creatures
  10 adders
  An ooze (D:2)
  2 worms (D:2)
  4 leopard geckos
  2 orcs (D:3)
  6 giant cockroaches
  10 hobgoblins
  2 jackals (D:1)
  A quokka (D:2)
  3 bats
  3 frilled lizards
  11 goblins
  7 kobolds
  6 rats
68 creatures vanquished.

Notes
Turn   | Place    | Note
-------+----------+-------------------------------------------
     0 | D:1      | vurker the Vine Stalker Assassin began the quest for the
                  | Orb.
     0 | D:1      | Reached XP level 1. HP: 11/11 MP: 2/2
   137 | D:1      | Reached XP level 2. HP: 13/15 MP: 3/3
   464 | D:1      | You fall into a shaft and drop 1 floor!
   675 | D:1      | Reached XP level 3. HP: 18/18 MP: 4/4
  1297 | D:2      | Found a bloodstained altar of Trog.
  1352 | D:2      | Gained mutation: Your natural rate of healing is unusually
                  | fast. [Vine Stalker growth]
  1352 | D:2      | Reached XP level 4. HP: 20/23 MP: 3/5
  1375 | D:2      | Found a sparkling altar of Nemelex Xobeh.
  1878 | D:2      | Reached XP level 5. HP: 19/28 MP: 4/6
  2103 | D:3      | Noticed Ijyb
  2123 | D:3      | HP: 1/28 [disintegration (27)]
  2126 | D:3      | Blown up by Ijyb

Illustrated notes

Levels and vault maps discovered:
D:1:      elethiomel_arrival_infinity_welcomes_careful_drivers, layout_basic,
          grunt_decor_arrowhead, kennysheep_minor_cross
D:2:      layout_basic, nicolae_overflow_hidden_temple, first_ration,
          trog_hazing_becter
D:3:      minmay_angry_zag, layout_rooms, portal_sewer_entry_a,
          corexii_item_surrounded_by_moat, uniq_ijyb

Skill      XL: |  1  2  3  4  5 |
---------------+----------------+-----
Short Blades   | 2 3 4 |  4.2
Fighting       | 2 3 |  3.2
Throwing       | |  1.7
Dodging        | |  0.7
Stealth        | |  4.8

Action                   |  1- 3 |  4- 6 || total
-------------------------+-------+-------++-------
Melee: Dagger            |   129 |   136 ||   265
       Bite              |    28 |    47 ||    75
 Stab: Sleeping          |     2 |       ||     2
  Eat: Chunk             |     1 |     3 ||     4
Armor: Robe              |     8 |       ||     8
       Chain mail        |    54 |    64 ||   118
Dodge: Dodged            |    48 |    30 ||    78

Table legend:
 A = Non-vault XP
 B = Vault XP
 C = Vault XP percentage of total XP
 D = Non-vault monster count
 E = Vault monster count
 F = Vault count percentage of total count
                 A         B        C        D         E       F
            +---------+---------+-------+---------+---------+-------
      Total |     233 |      11 |   4.5 |      62 |       6 |   8.8
            +---------+---------+-------+---------+---------+-------
        D:1 |      34 |       0 |   0.0 |      21 |       0 |   0.0
        D:2 |     128 |      11 |   7.9 |      27 |       6 |  18.2
        D:3 |      71 |       0 |   0.0 |      14 |       0 |   0.0
            +---------+---------+-------+---------+---------+-------
